 Dungeon Crawl Stone Soup version 0.29.1-1-gd02db6906a (webtiles) character file.

Game seed: 16828603928712557609

58 Icepheonix32 the Trooper (level 3, 0/34 HPs)
             Began as a Minotaur Fighter on Sept 22, 2022.
             Slain by a gnoll
             ... wielding a +2 vampiric whip
              (6 damage)
             ... on level 2 of the Dungeon.
             The game lasted 00:01:25 (1158 turns).

Icepheonix32 the Trooper (Minotaur Fighter)         Turns: 1158, Time: 00:01:26

Health: 0/34       AC:  7    Str: 22    XL:     3   Next: 75%
Magic:  2/2        EV:  9    Int:  5    God:
Gold:   32         SH:  4    Dex:  9    Spells: 2/2 levels left

rFire   . . .      SeeInvis .   a - +0 war axe
rCold   . . .      Faith    .   c - +0 buckler
rNeg    . . .      Spirit   .   b - +0 scale mail
rPois   .          Reflect  .   (helmet restricted)
rElec   .          Harm     .   (no cloak)
rCorr   .          Rampage  .   (no gloves)
Will    .....                   (no boots)
Stlth   ..........              (no amulet)
HPRegen 0.11/turn               (no ring)
MPRegen 0.08/turn               (no ring)

@: mighty
A: horns 2, retaliatory headbutt
a: no special abilities


You were on level 2 of the Dungeon.
You visited 1 branch of the dungeon, and saw 2 of its levels.

You collected 45 gold pieces.
You spent 13 gold pieces at shops.

Inventory:

Hand Weapons
 a - a +0 war axe (weapon)
Armour
 b - a +0 scale mail (worn)
 c - a +0 buckler (worn)
Scrolls
 e - 2 scrolls of identify
Potions
 d - 3 potions of might
 f - a potion of degeneration


   Skills:
 * Level 4.3 Fighting
 + Level 3.5 Axes
 + Level 4.0 Armour
 + Level 1.1 Dodging
 + Level 3.9 Shields


You had 2 spell levels left.
You didn't know any spells.
Your spell library was empty.

Dungeon Overview and Level Annotations

Branches:
Dungeon (2/15)

Altars:

Shops:
D:1 *


Innate Abilities, Weirdness & Mutations

You have a pair of horns on your head.
You reflexively headbutt those who attack you in melee.


Message History

You kill the bat!
The frilled lizard bites you.
You slash the ball python!
You kill the ball python!
You miss the frilled lizard.
The frilled lizard bites you but does no damage.
You miss the frilled lizard.
Your headbutt misses the frilled lizard.
You block the frilled lizard's attack.
A kobold comes into view. It is wielding a +0 dagger.
You barely miss the gnoll. You barely miss the frilled lizard.
The kobold shouts!
The gnoll hits you with a +2 vampiric whip.
The frilled lizard bites you.
You closely miss the gnoll. You headbutt the gnoll!
The gnoll is heavily wounded.
You slash the frilled lizard!
You kill the frilled lizard!
The gnoll barely misses you. The gnoll closely misses you.
You slash the gnoll! Your headbutt misses the gnoll.
The gnoll is severely wounded.
You closely miss the gnoll. The gnoll closely misses you.
The gnoll hits you with a +0 club.
You slash the gnoll!
You kill the gnoll!
You barely miss the gnoll. You block the gnoll's attack.
The gnoll hits you with a +0 club.
The gnoll hits you with a +2 vampiric whip.
The gnoll draws strength from your wounds!
Your Dodging skill increases to level 1!
The gnoll attacks as you move away! The gnoll hits you but does no damage.
The gnoll attacks as you move away!
The gnoll hits you with a +2 vampiric whip.
The gnoll draws strength from your wounds!
The gnoll attacks as you move away!
The gnoll hits you with a +2 vampiric whip!
* * * LOW HITPOINT WARNING * * *
You feel very mighty all of a sudden.
The gnoll hits you with a +2 vampiric whip.
You die...

#++## ..... ......
#...###
#..).###########.#.
#..'....K.g@.......
#..###..g#######.##
.... #.....######
.... ###.........
#++ #...#.####
#...#.# #...# # .
#...# ....####...#


You could see 2 gnolls and a kobold.

Vanquished Creatures
  A gnoll (D:2)
  2 adders (D:2)
  3 endoplasms (D:1)
  4 hobgoblins
  3 jackals (D:1)
  A quokka (D:1)
  8 ball pythons
  4 bats
  2 frilled lizards
  3 kobolds
  2 rats (D:1)
33 creatures vanquished.

Vanquished Creatures (others)
  11 plants (D:1)
11 creatures vanquished.

Grand Total: 44 creatures vanquished

Notes
Turn   | Place    | Note
-------+----------+-------------------------------------------
     0 | D:1      | Icepheonix32 the Minotaur Fighter began the quest for the
                  | Orb.
     0 | D:1      | Reached XP level 1. HP: 19/19 MP: 0/0
   179 | D:1      | Found Peteowoa's General Store.
   181 | D:1      | Found a faded altar of an unknown god.
   190 | D:1      | Bought a potion of degeneration for 13 gold pieces
   452 | D:1      | Reached XP level 2. HP: 25/27 MP: 1/1
  1084 | D:2      | Reached XP level 3. HP: 30/33 MP: 2/2
  1151 | D:2      | Reached skill level 1 in Dodging
  1158 | D:2      | Slain by a gnoll

Illustrated notes

Levels and vault maps discovered:
D:1:      beargit_arrival_greenhouse, layout_basic, serial_shops, shop,
          basic_ecumenical_altar, serial_bayou, serial_bayou_shore_a,
          serial_bayou_lagoon_a, serial_bayou_shore_b, serial_bayou_lake_a
D:2:      layout_basic, st_stairs_1, kennysheep_generic_room_7

Skill      XL: |  1  2  3 |
---------------+----------+-----
Fighting       | 4 |  4.3
Axes           | 3 |  3.5
Armour         | 4 |  4.0
Dodging        | 1 |  1.1
Shields        | |  3.9

Action                   || total
-------------------------++-------
Melee: War axe           ||    77
       Headbutt          ||    11
  Use: Scroll            ||     1
       Potion            ||     1
Armor: Scale mail        ||    45
Dodge: Dodged            ||    32
Block: Buckler           ||    22
